 Dungeon Crawl Stone Soup version 0.30-a0-6-g7c9e10e132 (webtiles) character file.

Game seed: 53298040334425101

208 SensoryNuts the Trooper (level 5, -23/57 HPs)
             Began as an Ogre Fighter on Aug 22, 2022.
             Killed from afar by a steam dragon (25 damage)
             ... with a ball of steam
             ... on level 4 of the Dungeon.
             The game lasted 00:03:05 (3132 turns).

SensoryNuts the Trooper (Ogre Fighter)              Turns: 3132, Time: 00:03:05

Health: -23/57     AC:  3    Str: 22    XL:     5   Next: 86%
Magic:  5/5        EV:  7    Int:  9    God:
Gold:   200        SH: 11    Dex:  8    Spells: 4/4 levels left

rFire   . . .      SeeInvis .    a - +1 war axe
rCold   . . .      Faith    .    m - +0 tower shield
rNeg    . . .      Spirit   .    b - +0 robe
rPois   .          Reflect  .    (helmet restricted)
rElec   .          Harm     .    (no cloak)
rCorr   .          Rampage  .    (gloves unavailable)
Will    .....                    (boots unavailable)
Stlth   +.........               (no amulet)
HPRegen 0.19/turn                (no ring)
MPRegen 0.09/turn                (no ring)

@: brilliant, attractive
A: large, unfitting armour, tough skin 1
a: no special abilities


You were on level 4 of the Dungeon.
You visited 1 branch of the dungeon, and saw 4 of its levels.

You collected 200 gold pieces.

Inventory:

Hand Weapons
 a - a +1 war axe (weapon)
Missiles
 q - 2 throwing nets (quivered)
Armour
 b - a +0 robe (worn)
 m - a +0 tower shield (worn)
Jewellery
 f - a ring of willpower
 j - an amulet of regeneration
Scrolls
 g - a scroll of immolation
 h - a scroll of teleportation {unknown}
 p - a scroll of summoning {unknown}
Potions
 c - a potion of curing
 e - a potion of attraction
 i - a potion of invisibility {unknown}
 k - a potion of brilliance
 l - a potion of cancellation {unknown}
 o - a potion of flight {unknown}
 r - a potion of haste {unknown}
 s - a potion of mutation {unknown}


   Skills:
 + Level 5.2 Fighting
 * Level 4.5 Axes
 + Level 3.2 Dodging
 + Level 3.4 Shields


You had 4 spell levels left.
You didn't know any spells.
Your spell library contained the following spells:

 Spells                   Type           Power      Damage    Failure   Level
 Foxfire                  Conj/Fire      0%         2x1d4     96%         1
 Magic Dart               Conj           0%         1d3       96%         1
 Call Imp                 Summ           0%         N/A       99%         2
 Scorch                   Fire           0%         2d5       99%         2
 Static Discharge         Conj/Air       0%         3-3/arc   99%         2
 Conjure Flame            Conj/Fire      0%         6-21      100%        3
 Inner Flame              Hex/Fire       0%         N/A       100%        3
 Mephitic Cloud           Conj/Pois/Air  0%         N/A       100%        3
 Dispel Undead            Necr           0%         3d6       100%        4
 Flame Wave               Conj/Fire      0%         2d4       100%        4
 Sticky Flame             Conj/Fire      0%         2d3       100%        4
 Summon Cactus Giant      Summ           0%         N/A       100%        6


Dungeon Overview and Level Annotations

Branches:
Dungeon (4/15)
 Temple: D:4-7

Altars:
Yredelemnul


Innate Abilities, Weirdness & Mutations

You are too large for most types of armour.
You have tough skin. (AC +1)


Message History

* * * LOW HITPOINT WARNING * * *
Okay, then.
You slash the steam dragon!
The steam dragon is moderately wounded.
You are engulfed in a cloud of scalding steam.
* * * LOW HITPOINT WARNING * * *
You block the steam dragon's attack.
The steam dragon claws you but does no damage.
Okay, then.
It was a potion of brilliance.
You feel clever all of a sudden.
You are engulfed in a cloud of scalding steam.
* * * LOW HITPOINT WARNING * * *
You block the steam dragon's attack. The steam dragon barely misses you.
It was a potion of curing.
You feel better.
You are engulfed in a cloud of scalding steam.
* * * LOW HITPOINT WARNING * * *
The steam dragon bites you but does no damage.
You block the steam dragon's attack.
It was a potion of heal wounds.
You feel much better. The steam dragon bites you. The steam dragon claws you.
* * * LOW HITPOINT WARNING * * *
You feel much better. The steam dragon closely misses you.
You block the steam dragon's attack.
You closely miss the steam dragon.
The steam dragon is moderately wounded.
The steam dragon misses you. You block the steam dragon's attack. x2
The steam dragon claws you but does no damage.
You hit the steam dragon.
The steam dragon is heavily wounded.
The steam dragon breathes steam at you. The ball of steam hits you!
Unknown command.
You slash the steam dragon!
The steam dragon is almost dead.
You are engulfed in a cloud of scalding steam.
* * * LOW HITPOINT WARNING * * *
The steam dragon breathes steam at you. The ball of steam hits you!!
You die...

######## #...[..#
....##.#.## # # ##..#..##
## #.#.#.#.# #.
##.#.#.#.## #.
#.##.#.##.# #.
#####.##.#.##.#####.
#KD@§§.+.+.+.....##.
#.....g###.##.#.##.##.##.
....... #.# .#[##.##....
....... ##. #.#.#####..
....... .# #.#.####.÷.
....... #. #..###...#.
...D....# ##.#.##.)÷###.
.......... #..#.#...####.
...##.##........##


You could see a steam dragon (catching breath), a hobgoblin and a kobold.

Vanquished Creatures
  A scorpion (D:4)
  2 iguanas
  4 adders
  A worm (D:2)
  2 dart slugs
  2 endoplasms (D:2)
  4 giant cockroaches
  5 hobgoblins
  2 jackals (D:4)
  A quokka (D:2)
  4 ball pythons
  4 bats (D:2)
  2 frilled lizards (D:3)
  9 goblins
  8 kobolds
  5 rats
56 creatures vanquished.

Vanquished Creatures (others)
  A jackal (D:4)
1 creature vanquished.

Grand Total: 57 creatures vanquished

Notes
Turn   | Place    | Note
-------+----------+-------------------------------------------
     0 | D:1      | SensoryNuts the Ogre Fighter began the quest for the Orb.
     0 | D:1      | Reached XP level 1. HP: 24/24 MP: 1/1
   244 | D:1      | Reached XP level 2. HP: 32/32 MP: 2/2
  1037 | D:2      | Found a faded altar of an unknown god.
  1196 | D:2      | Reached XP level 3. HP: 38/40 MP: 3/3
  2049 | D:3      | Found a basalt altar of Yredelemnul.
  2055 | D:3      | Reached XP level 4. HP: 34/49 MP: 4/4
  2901 | D:4      | Noticed a scorpion
  2914 | D:4      | Killed a scorpion
  2915 | D:4      | Reached skill level 5 in Fighting
  2915 | D:4      | Reached XP level 5. HP: 32/57 MP: 5/5
  3114 | D:4      | Noticed a steam dragon
  3126 | D:4      | HP: 2/57 [steam dragon] (3)]
  3132 | D:4      | HP: 1/57 [steam dragon] (21)]
  3132 | D:4      | Killed from afar by a steam dragon

Illustrated notes

Levels and vault maps discovered:
D:1:      lightli_arrival_statue_moat, layout_loops_ring
D:2:      layout_basic, nicolae_ecumenical_pavilion, minmay_tiny_reverse_x
D:3:      layout_loops_cross, mainiacjoe_overflow_tiny_flanked
D:4:      layout_rooms, interstate_on_off, minmay_misc_feat_iff

Skill      XL: |  1  2  3  4 |
---------------+-------------+-----
Dodging        | 3 |  3.2
Axes           | 3 4 |  4.5
Fighting       | 5 |  5.2
Shields        | |  3.4

Action                   |  1- 3 |  4- 6 || total
-------------------------+-------+-------++-------
Melee: War axe           |   124 |    60 ||   184
  Use: Scroll            |     3 |       ||     3
       Potion            |       |     6 ||     6
Armor: Robe              |    50 |    21 ||    71
Dodge: Dodged            |    56 |    28 ||    84
Block: Kite shield       |    50 |       ||    50
       Tower shield      |     3 |    45 ||    48

Table legend: (Time is in decaauts)
 A = Elapsed time spent in this place.
 B = Non-inter-level travel time spent in this place.
 C = Inter-level travel time spent in this place.
 D = Time resting spent in this place.
 E = Time spent auto-exploring this place.
 F = Levels seen in this place.
 G = Mean time per level.
                   A        B        C        D        E       F      G
               +--------+--------+--------+--------+--------+-----+--------+
         Total |   3234 |   3177 |     57 |      0 |   2644 |   4 |  808.5 |
       Dungeon |   3234 |   3177 |     57 |      0 |   2644 |   4 |  808.5 |
               +--------+--------+--------+--------+--------+-----+--------+

Top non-repeatable levels by time:
     D:2: 1117 daAuts
     D:1: 995 daAuts
     D:3: 747 daAuts
     D:4: 373 daAuts
